[ AOE2 MATCH · #508104799 ]
UnrankedKoreans vs Vikings
Player's team · LOSS
Rival team · WIN
[ REPLAY ANALYSIS · EXTRACTED FROM THE RECORDED GAME ]
Feudal
12:39
Castle
17:13
Imperial
—
| APM avg | 49.8 |
| APM peak | 89 |
| eAPM avg | 20.6 |
| Villagers / military | 95 / 37 |
Focus
⚔️ 20.3% · 🌾 79.7%
Fire Lancer ×20 · Archer ×7 · Iron Pagoda ×6 · Monk ×4
Feudal
10:16
Castle
22:14
Imperial
35:33
| APM avg | 55.0 |
| APM peak | 104 |
| eAPM avg | 20.6 |
| Villagers / military | 90 / 32 |
Focus
⚔️ 24.4% · 🌾 75.6%
Archer ×15 · Knight ×5 · Monk ×4 · Mangonel ×4 · Militia ×3 · Scout Cavalry ×1
Match map
Initial resources + every placement click. Lines = walls · curves = elevation contours. ◆ gold · ⬟ stone · ● berries · ✦ relic · ◌ wall gap
Your base· ✓ Closed at 17:13 · 0t walls · 4 gate(s)
anaullo95's base· ✓ Closed at 22:14 · 0t walls · 3 gate(s)
Smoothed initial terrain · ◌ = detected wall gap · hover for details
Inputs per minute
— CalZing - - anaullo95
Build order — CalZing
First 150 of 217 actions detected
| 0:01 | Queue | Villager (Male) |
| 0:01 | Queue | Villager (Male) |
| 0:01 | Queue | Villager (Male) |
| 0:03 | Build | House |
| 0:05 | Build | House |
| 0:24 | Queue | Villager (Male) |
| 0:25 | Queue | Villager (Male) |
| 1:37 | Queue | Villager (Male) |
| 2:17 | Queue | Villager (Male) |
| 2:17 | Queue | Villager (Male) |
| 2:23 | Queue | Villager (Male) |
| 2:31 | Build | Lumber Camp |
| 3:12 | Queue | Villager (Male) |
| 3:13 | Queue | Villager (Male) |
| 3:42 | Build | House |
| 3:43 | Build | House |
| 3:43 | Build | House |
| 3:49 | Queue | Villager (Male) |
| 4:39 | Queue | Villager (Male) |
| 4:39 | Queue | Villager (Male) |
| 4:58 | Build | Mill |
| 5:03 | Queue | Villager (Male) |
| 5:16 | Queue | Villager (Male) |
| 5:53 | Queue | Villager (Male) |
| 6:30 | Queue | Villager (Male) |
| 6:48 | Queue | Villager (Male) |
| 6:48 | Queue | Villager (Male) |
| 6:48 | Queue | Villager (Male) |
| 7:23 | Queue | Villager (Male) |
| 8:28 | Build | Mining Camp |
| 8:32 | Build | House |
| 8:46 | Queue | Villager (Male) |
| 9:12 | Queue | Villager (Male) |
| 9:27 | Queue | Villager (Male) |
| 9:28 | Research | Loom |
| 10:04 | Research | Feudal Age |
| 10:31 | Build | Barracks |
| 11:18 | Build | House |
| 11:19 | Build | House |
| 12:31 | Queue | Villager (Male) |
| 12:39 | Age | Feudal Age |
| 12:40 | Build | Watch Tower |
| 12:53 | Queue | Villager (Male) |
| 12:58 | Build | Market |
| 13:03 | Build | Archery Range |
| 13:40 | Build | Farm |
| 13:41 | Build | Farm |
| 13:42 | Build | Farm |
| 14:07 | Queue | Villager (Male) |
| 14:22 | Queue | Archer |
| 14:22 | Queue | Archer |
| 14:23 | Queue | Villager (Male) |
| 14:33 | Research | Castle Age |
| 15:24 | Queue | Villager (Male) |
| 15:43 | Queue | Archer |
| 16:08 | Queue | Archer |
| 17:03 | Queue | Archer |
| 17:08 | Queue | Villager (Male) |
| 17:08 | Queue | Villager (Male) |
| 17:13 | Age | Castle Age |
| 17:25 | Queue | Villager (Male) |
| 17:37 | Build | House |
| 17:44 | Build | Blacksmith |
| 18:10 | Queue | Villager (Male) |
| 18:20 | Build | Farm |
| 18:21 | Build | Farm |
| 18:25 | Build | Farm |
| 18:32 | Build | Farm |
| 18:35 | Queue | Archer |
| 18:44 | Queue | Archer |
| 18:46 | Queue | Villager (Male) |
| 19:40 | Queue | Villager (Male) |
| 19:49 | Queue | Villager (Male) |
| 20:20 | Queue | Villager (Male) |
| 20:26 | Build | Town Center |
| 20:39 | Queue | Villager (Male) |
| 21:00 | Queue | Villager (Male) |
| 21:14 | Build | Siege Workshop |
| 21:44 | Queue | Villager (Male) |
| 21:49 | Queue | Villager (Male) |
| 22:02 | Queue | Iron Pagoda |
| 22:04 | Queue | Villager (Male) |
| 22:18 | Build | House |
| 22:19 | Build | House |
| 22:31 | Queue | Villager (Male) |
| 22:32 | Build | Farm |
| 22:33 | Build | Farm |
| 22:44 | Queue | Villager (Male) |
| 23:00 | Build | Farm |
| 23:09 | Queue | Villager (Male) |
| 23:16 | Build | Farm |
| 23:19 | Build | Farm |
| 23:21 | Queue | Villager (Male) |
| 23:47 | Queue | Villager (Male) |
| 23:47 | Queue | Villager (Male) |
| 23:52 | Build | Farm |
| 23:53 | Build | Farm |
| 23:55 | Queue | Villager (Male) |
| 23:57 | Build | Farm |
| 24:23 | Queue | Villager (Male) |
| 24:26 | Queue | Villager (Male) |
| 24:33 | Build | Monastery |
| 24:39 | Build | House |
| 24:40 | Build | House |
| 24:40 | Build | House |
| 24:52 | Queue | Villager (Male) |
| 24:54 | Build | House |
| 24:55 | Build | House |
| 24:57 | Research | Town Watch |
| 25:01 | Queue | Villager (Male) |
| 25:02 | Queue | Villager (Male) |
| 25:05 | Build | Farm |
| 25:06 | Build | Farm |
| 25:16 | Queue | Villager (Male) |
| 25:21 | Queue | Monk |
| 25:30 | Build | Mining Camp |
| 25:32 | Research | Horse Collar |
| 25:38 | Queue | Villager (Male) |
| 25:49 | Build | House |
| 25:52 | Queue | Villager (Male) |
| 25:59 | Queue | Villager (Male) |
| 26:05 | Queue | Fire Lancer |
| 26:05 | Queue | Fire Lancer |
| 26:17 | Build | Farm |
| 26:17 | Build | Farm |
| 26:24 | Queue | Villager (Male) |
| 26:36 | Queue | Villager (Male) |
| 26:38 | Queue | Fire Lancer |
| 26:48 | Build | House |
| 26:49 | Build | House |
| 26:50 | Queue | Villager (Male) |
| 26:53 | Queue | Villager (Male) |
| 26:56 | Build | Farm |
| 26:56 | Build | Farm |
| 26:57 | Build | Farm |
| 27:00 | Build | Farm |
| 27:05 | Build | House |
| 27:06 | Build | House |
| 27:07 | Queue | Villager (Male) |
| 27:09 | Queue | Villager (Male) |
| 27:13 | Build | Mining Camp |
| 27:19 | Build | House |
| 27:21 | Queue | Fire Lancer |
| 27:22 | Queue | Fire Lancer |
| 27:42 | Research | Fletching |
| 27:52 | Queue | Villager (Male) |
| 27:55 | Build | House |
| 28:06 | Queue | Iron Pagoda |
| 28:06 | Queue | Iron Pagoda |
| 28:09 | Queue | Villager (Male) |
Build order — anaullo95
First 150 of 246 actions detected
| 0:01 | Queue | Villager (Male) |
| 0:01 | Queue | Villager (Male) |
| 0:02 | Build | House |
| 0:04 | Build | House |
| 0:11 | Queue | Villager (Male) |
| 0:11 | Queue | Villager (Male) |
| 1:32 | Queue | Villager (Male) |
| 1:32 | Queue | Villager (Male) |
| 1:52 | Build | Lumber Camp |
| 2:04 | Queue | Villager (Male) |
| 2:04 | Queue | Villager (Male) |
| 2:24 | Queue | Villager (Male) |
| 2:24 | Queue | Villager (Male) |
| 2:25 | Queue | Villager (Male) |
| 3:07 | Queue | Villager (Male) |
| 3:07 | Queue | Villager (Male) |
| 3:07 | Queue | Villager (Male) |
| 3:17 | Queue | Villager (Male) |
| 3:50 | Queue | Villager (Male) |
| 3:50 | Queue | Villager (Male) |
| 3:51 | Queue | Villager (Male) |
| 3:55 | Build | House |
| 4:20 | Queue | Villager (Male) |
| 4:35 | Build | Mill |
| 5:07 | Queue | Villager (Male) |
| 5:08 | Queue | Villager (Male) |
| 5:38 | Queue | Villager (Male) |
| 6:01 | Queue | Villager (Male) |
| 6:32 | Queue | Villager (Male) |
| 7:01 | Queue | Villager (Male) |
| 7:16 | Research | Loom |
| 7:31 | Build | Barracks |
| 8:06 | Research | Feudal Age |
| 8:29 | Build | Mining Camp |
| 8:34 | Queue | Militia |
| 8:40 | Build | House |
| 9:04 | Build | Mining Camp |
| 9:13 | Queue | Militia |
| 9:28 | Queue | Villager (Male) |
| 9:34 | Queue | Militia |
| 10:16 | Age | Feudal Age |
| 10:27 | Research | Man-at-Arms (upgrade) |
| 11:24 | Build | Watch Tower |
| 11:25 | Queue | Villager (Male) |
| 11:39 | Queue | Villager (Male) |
| 11:54 | Build | House |
| 12:03 | Research | Double-Bit Axe |
| 12:25 | Queue | Villager (Male) |
| 12:39 | Build | Watch Tower |
| 13:04 | Queue | Villager (Male) |
| 13:28 | Queue | Villager (Male) |
| 13:34 | Build | Blacksmith |
| 14:06 | Queue | Villager (Male) |
| 14:06 | Queue | Villager (Male) |
| 14:16 | Build | Farm |
| 14:16 | Build | Farm |
| 14:17 | Build | Farm |
| 14:17 | Build | Farm |
| 14:17 | Build | Farm |
| 14:51 | Queue | Villager (Male) |
| 15:17 | Research | Fletching |
| 15:25 | Queue | Villager (Male) |
| 15:30 | Build | House |
| 15:43 | Build | Watch Tower |
| 16:01 | Build | House |
| 16:01 | Build | House |
| 16:06 | Queue | Villager (Male) |
| 16:13 | Build | Market |
| 16:16 | Build | Farm |
| 16:17 | Build | Farm |
| 16:20 | Build | Farm |
| 16:21 | Build | Farm |
| 16:22 | Queue | Villager (Male) |
| 16:54 | Queue | Villager (Male) |
| 17:06 | Queue | Villager (Male) |
| 17:10 | Build | House |
| 17:40 | Build | House |
| 17:45 | Build | Farm |
| 17:46 | Build | Farm |
| 18:12 | Queue | Villager (Male) |
| 18:17 | Build | Farm |
| 18:55 | Build | Farm |
| 18:55 | Build | Farm |
| 18:58 | Queue | Villager (Male) |
| 19:34 | Research | Castle Age |
| 19:48 | Research | Horse Collar |
| 19:48 | Research | Horse Collar |
| 20:32 | Build | Archery Range |
| 20:51 | Research | Gold Mining |
| 21:54 | Queue | Villager (Male) |
| 22:14 | Age | Castle Age |
| 22:17 | Queue | Villager (Male) |
| 22:20 | Build | Town Center |
| 22:38 | Research | Bow Saw |
| 22:41 | Queue | Villager (Male) |
| 23:04 | Queue | Villager (Male) |
| 23:23 | Queue | Villager (Male) |
| 23:39 | Queue | Villager (Male) |
| 23:51 | Build | Palisade Wall |
| 23:56 | Build | Palisade Wall |
| 23:58 | Build | Palisade Wall |
| 23:59 | Build | Palisade Wall |
| 24:05 | Queue | Villager (Male) |
| 24:10 | Build | Farm |
| 24:23 | Build | Siege Workshop |
| 24:24 | Queue | Villager (Male) |
| 24:33 | Queue | Villager (Male) |
| 24:41 | Build | Monastery |
| 24:42 | Queue | Villager (Male) |
| 24:51 | Build | Farm |
| 24:54 | Build | Farm |
| 25:05 | Build | Lumber Camp |
| 25:12 | Queue | Villager (Male) |
| 25:12 | Queue | Villager (Male) |
| 25:24 | Queue | Mangonel |
| 25:25 | Queue | Monk |
| 25:27 | Build | House |
| 25:34 | Queue | Villager (Male) |
| 25:45 | Build | Farm |
| 25:47 | Build | Farm |
| 25:47 | Queue | Villager (Male) |
| 25:52 | Queue | Mangonel |
| 25:53 | Queue | Monk |
| 25:55 | Build | House |
| 25:58 | Queue | Villager (Male) |
| 26:03 | Build | Farm |
| 26:04 | Queue | Villager (Male) |
| 26:19 | Queue | Mangonel |
| 26:29 | Build | House |
| 26:30 | Queue | Villager (Male) |
| 26:37 | Queue | Villager (Male) |
| 26:41 | Queue | Villager (Male) |
| 26:45 | Build | Farm |
| 26:47 | Build | Farm |
| 26:52 | Build | House |
| 26:55 | Build | Outpost |
| 27:01 | Queue | Villager (Male) |
| 27:01 | Queue | Monk |
| 27:02 | Queue | Villager (Male) |
| 27:04 | Build | Farm |
| 27:12 | Build | Farm |
| 27:13 | Build | Farm |
| 27:14 | Queue | Villager (Male) |
| 27:25 | Research | Town Watch |
| 27:39 | Queue | Monk |
| 27:48 | Queue | Mangonel |
| 28:14 | Queue | Villager (Male) |
| 28:18 | Queue | Villager (Male) |
| 28:18 | Queue | Villager (Male) |
| 28:20 | Build | Town Center |
Match timeline
| 7:31 | anaullo95 · first_building Barracks |
| 10:16 | anaullo95 · age_up feudal |
| 10:31 | CalZing · first_building Barracks |
| 12:39 | CalZing · age_up feudal |
| 13:03 | CalZing · first_building Archery Range |
| 14:33 | CalZing · first_market_sell 100 food |
| 17:13 | CalZing · age_up castle |
| 17:34 | anaullo95 · first_market_sell 100 wood |
| 18:14 | anaullo95 · first_market_buy 100 food |
| 19:22 | CalZing · first_market_buy 100 stone |
| 20:32 | anaullo95 · first_building Archery Range |
| 21:14 | CalZing · first_building Siege Workshop |
| 22:14 | anaullo95 · age_up castle |
| 23:51 | anaullo95 · wall_segment Palisade Wall x1 |
| 23:56 | anaullo95 · wall_segment Palisade Wall x1 |
| 23:58 | anaullo95 · wall_segment Palisade Wall x1 |
| 23:59 | anaullo95 · wall_segment Palisade Wall x1 |
| 24:23 | anaullo95 · first_building Siege Workshop |
| 24:33 | CalZing · first_building Monastery |
| 24:41 | anaullo95 · first_building Monastery |
| 29:20 | anaullo95 · first_building Stable |
| 31:42 | CalZing · wall_segment Stone Wall x23 |
| 33:16 | anaullo95 · first_building Castle |
| 33:46 | CalZing · first_building Castle |
| 35:33 | anaullo95 · age_up imperial |
| 35:40 | CalZing · resign |
[ AI ANALYSIS · 1 CREDIT ]
What really happened in this match?
Wolo.gg analyzes every decision: build order, eco, micro, common mistakes by bracket. Personalized analysis on WhatsApp or Discord in 30 seconds.
Civ guide
Koreans
Perfil
Jugador #4610918